 Dungeon Crawl Stone Soup version 0.21.1-1-g345015f (webtiles) character file.

1796 infcreate the Basher (level 8, 0/71 HPs)
             Began as a Minotaur Fighter on Apr 27, 2018.
             Was a Follower of Okawaru.
             Slain by an orc warrior
             ... wielding a +0 dire flail of venom
              (14 damage)
             ... on level 8 of the Dungeon.
             The game lasted 00:57:25 (7650 turns).

infcreate the Basher (Minotaur Fighter)             Turns: 7650, Time: 00:57:26

Health: 0/71       AC: 13    Str: 26    XL:     8   Next: 83%
Magic:  5/7        EV: 12    Int:  5    God:    Okawaru [*.....]
Gold:   389        SH: 13    Dex:  9    Spells: 7/7 levels left

rFire    + . .     SeeInvis .   a - +0 flail
rCold    . . .     Gourm    .   c - +0 shield
rNeg     . . .     Faith    .   b - +0 scale mail
rPois    .         Spirit   .   (helmet restricted)
rElec    .         Reflect  .   (no cloak)
rCorr    .         Harm     .   e - +1 pair of gloves
MR       .....                  o - +0 pair of boots
Stlth    +.........             u - amulet of rage
HPRegen  0.21/turn              i - ring of protection from fire
MPRegen  0.10/turn              A - +2 ring of strength

@: lethally poisoned (0 -> -1), heroism
A: retaliatory headbutt, horns 2
a: Heroism, Renounce Religion, Evoke Berserk Rage


You were on level 8 of the Dungeon.
You worshipped Okawaru.
Okawaru was aware of your devotion.
You were not hungry.

You visited 2 branches of the dungeon, and saw 9 of its levels.

You collected 484 gold pieces.
You spent 95 gold pieces at shops.

Inventory:

Hand Weapons
 a - a +0 flail (weapon)
Armour
 b - a +0 scale mail (worn)
 c - a +0 shield (worn)
 e - a +1 pair of gloves (worn)
 o - a +0 pair of boots (worn)
 y - the +5 robe of Night {Dark MR+ SInv}
   (You found it on level 4 of the Dungeon)

   It affects your resistance to hostile enchantments.
   It lets you see invisible.
Jewellery
 i - a ring of protection from fire (left hand)
 u - an amulet of rage (around neck)
 z - an uncursed amulet of guardian spirit
 A - a +2 ring of strength (right hand)
Scrolls
 g - 4 scrolls of enchant weapon
 h - 3 scrolls of amnesia
 k - 5 scrolls of identify
 l - 2 scrolls of fog {unknown}
 m - a scroll of teleportation
 n - a scroll of fear
 p - 3 scrolls of remove curse
 q - 2 scrolls of enchant armour {unknown}
 w - a scroll of immolation
 C - a scroll of torment
 F - a scroll of blinking {unknown}
 G - a scroll of random uselessness {unknown}
 J - a scroll of noise {unknown}
Potions
 d - a potion of might
 j - 3 potions of invisibility {unknown}
 r - 3 potions of heal wounds
 s - 2 potions of curing
 t - 3 potions of agility
 x - a potion of berserk rage
 D - 2 potions of mutation {unknown}
 E - a potion of magic {unknown}
 H - 2 potions of flight {unknown}
Books
 v - a book of Flames

   Spells                             Type                      Level
   a - Flame Tongue                   Conjuration/Fire             1
   b - Throw Flame                    Conjuration/Fire             2
   c - Conjure Flame                  Conjuration/Fire             3
   d - Inner Flame                    Hexes/Fire                   3
   e - Sticky Flame                   Conjuration/Fire             4
   f - Fireball                       Conjuration/Fire             5
 B - the Disquisition on Mutagenic Clay
   (You found it on level 5 of the Dungeon)

   Spells                             Type                      Level
   a - Ignite Poison                  Fire/Transmutation/Poison    3
   b - Ice Form                       Ice/Transmutation            4
   c - Petrify                        Transmutation/Earth          4
   d - Shatter                        Earth                        9
 I - the Guide on Moulding and Heat
   (You found it on level 7 of the Dungeon)

   Spells                             Type                      Level
   a - Beastly Appendage              Transmutation                1
   b - Sticks to Snakes               Transmutation                2
   c - Irradiate                      Conjuration/Transmutation    5
   d - Bolt of Fire                   Conjuration/Fire             6
   e - Hydra Form                     Transmutation                6
Comestibles
 f - 8 rations


   Skills:
 + Level 6.3(11.3) Fighting
 + Level 9.0(14.0) Maces & Flails
 + Level 7.7(12.7) Armour
 + Level 7.3(12.3) Shields


You had 7 spell levels left.
You didn't know any spells.

Dungeon Overview and Level Annotations

Branches:
Dungeon (8/15)             Temple (1/1) D:6
   Lair: D:8-11

Altars:
Ashenzari
Cheibriados
Dithmenos
Elyvilon
Fedhas
Gozag
Hepliaklqana
Kikubaaqudgha
Makhleb
Nemelex Xobeh
Okawaru
Qazlal
Ru
Sif Muna
Trog
Uskayaw
Vehumet
Wu Jian
Xom
Yredelemnul
Zin
The Shining One
Beogh

Shops:
D:4 (*}   D:6 [=[


Innate Abilities, Weirdness & Mutations

You reflexively headbutt those who attack you in melee.
You have a pair of horns on your head.


Message History

Deactivating autopickup; reactivate with Ctrl-A.
You block the orc warrior's attack.
The orc priest miscasts a cantrip.
The orc warrior closely misses you.
You closely miss the orc warrior.
The orc warrior is lightly wounded.
You block the orc's attack.
You hit something but do no damage.
You feel sick. Something hits you but does no damage.
The orc warrior hits you but does no damage.
The orc priest casts a cantrip, but nothing happens.
The orc warrior barely misses you.
The orc warrior hits you with a dire flail!
* * * LOW HITPOINT WARNING * * *
You hit something but do no damage. Your headbutt misses something.
The orc misses you. Something hits you.
* * * LOW HITPOINT WARNING * * *
You block the orc priest's attack.
The orc warrior hits you with a dire flail of venom!
You die...

.o. ... #o###
##...# #.).#
....##
###.####..>5.
#...........
#........#
#......oo#
####.....ooo#
#.......5n{@#
#...##......oo#
#.##....<...oo#
#....##########
####


You could see 3 orc warriors, a necrophage, 2 orc priests, an orc wizard, a
crimson imp and 3 orcs.

Vanquished Creatures
  A hippogriff (D:7)
  2 ogres
  A black bear (D:7)
  2 phantoms
  The ghost of Frank the Shield-Bearer, an amateur OpFi (D:3)
  2 centaurs (D:7)
  3 scorpions
  A howler monkey (D:6)
  2 bullfrog zombies (D:5)
  2 jellies (D:6)
  2 orc priests (D:4)
  2 hounds
  A bullfrog skeleton (D:5)
  An orc wizard (D:4)
  4 iguanas
  Jessica (D:3)
  Natasha (twice) (D:3)
  2 worker ants
  Robin (D:1)
  8 adders
  3 shadow imps
  An adder skeleton (D:4)
  2 worms
  3 dart slugs
  5 leopard geckos
  10 orcs
  2 ball pythons
  10 giant cockroaches
  18 goblins
  10 hobgoblins
  5 jackals (D:5)
  2 quokkas
  6 bats
  4 frilled lizards
  3 kobolds (D:1)
  2 leopard gecko zombies
  6 rats
133 creatures vanquished.

Notes
Turn   | Place    | Note
-------+----------+-------------------------------------------
     0 | D:1      | infcreate the Minotaur Fighter began the quest for the Orb.
     0 | D:1      | Reached XP level 1. HP: 19/19 MP: 0/0
     2 | D:1      | Noticed a halfling
     2 | D:1      | Noticed a naga
     4 | D:1      | Noticed a formicid
     4 | D:1      | Noticed a dwarf
     6 | D:1      | Noticed a gargoyle
     8 | D:1      | Noticed a spriggan
     8 | D:1      | Noticed a minotaur
    10 | D:1      | Noticed a human
    10 | D:1      | Noticed a troll
    12 | D:1      | Noticed an ogre
    12 | D:1      | Noticed a draconian
    14 | D:1      | Noticed a demonspawn
    14 | D:1      | Noticed a centaur
    16 | D:1      | Noticed a vine stalker
    18 | D:1      | Noticed a tengu
    20 | D:1      | Noticed a vampire
    22 | D:1      | Noticed an octopode
    22 | D:1      | Noticed a demigod
    24 | D:1      | Noticed an elf
    24 | D:1      | Noticed a felid
    26 | D:1      | Noticed a merfolk
    26 | D:1      | Noticed a ghoul
   204 | D:1      | Reached XP level 2. HP: 26/27 MP: 1/1
   765 | D:2      | Noticed Robin
   769 | D:1      | Reached XP level 3. HP: 33/33 MP: 2/2
  1103 | D:1      | Reached skill level 3 in Maces & Flails
  1182 | D:1      | Killed Robin
  1281 | D:2      | Reached XP level 4. HP: 33/41 MP: 3/3
  1731 | D:3      | Noticed Frank's ghost (amateur OpFi)
  1752 | D:3      | Killed Frank's ghost
  1752 | D:3      | Reached skill level 4 in Maces & Flails
  1752 | D:3      | Reached XP level 5. HP: 34/47 MP: 4/4
  1883 | D:3      | Found a radiant altar of Vehumet.
  1883 | D:3      | Found a stormy altar of Qazlal.
  1890 | D:3      | Found a faded altar of an unknown god.
  1894 | D:3      | Found a snail-covered altar of Cheibriados.
  1896 | D:3      | Found a deep blue altar of Sif Muna.
  1949 | D:3      | Noticed Natasha
  1957 | D:3      | Killed Natasha
  2235 | D:3      | Reached skill level 5 in Armour
  2235 | D:3      | Reached skill level 5 in Shields
  2287 | D:3      | Noticed Jessica
  2300 | D:3      | Killed Jessica
  2490 | D:3      | Noticed Natasha
  2494 | D:3      | Killed Natasha
  2494 | D:3      | Reached XP level 6. HP: 50/53 MP: 5/5
  2527 | D:4      | Found a roughly hewn altar of Beogh.
  2545 | D:4      | Reached skill level 5 in Maces & Flails
  2969 | D:4      | Found Tucweocwac's Assorted Antiques.
  2973 | D:4      | Bought a twisted emerald amulet for 95 gold pieces
  3140 | D:4      | Found the +5 robe of Night {Dark MR+ SInv}
  3211 | D:4      | Found Oclap's Gadget Shop.
  3286 | D:4      | Found Malyac's Weapon Shop.
  3644 | D:5      | Entered Level 5 of the Dungeon
  3655 | D:5      | Reached skill level 5 in Fighting
  3695 | D:5      | Reached XP level 7. HP: 37/61 MP: 6/6
  3985 | D:5      | Reached skill level 6 in Maces & Flails
  4158 | D:5      | Identified the Disquisition on Mutagenic Clay
  4266 | D:6      | Found Gasuaral's Antique Armour Emporium.
  4351 | D:6      | Reached skill level 7 in Maces & Flails
  4384 | D:6      | Reached XP level 8. HP: 54/69 MP: 7/7
  4590 | D:6      | Found Vyot's Armour Emporium.
  4858 | D:6      | Found a blossoming altar of Fedhas.
  4930 | D:6      | Found Vucvubli's Jewellery Shop.
  5049 | D:6      | Found a staircase to the Ecumenical Temple.
  5109 | Temple   | Entered the Ecumenical Temple
  5152 | Temple   | Became a worshipper of Warmaster Okawaru
  5503 | D:7      | Reached skill level 8 in Maces & Flails
  5911 | D:7      | Noticed a hippogriff
  5918 | D:7      | Killed a hippogriff
  5918 | D:7      | Reached * piety under Okawaru
  5935 | D:7      | Identified the Guide on Moulding and Heat
  6816 | D:7      | Reached skill level 9 in Maces & Flails
  6987 | D:8      | Noticed a two-headed ogre
  7650 | D:8      | Slain by an orc warrior

Skill      XL: |  1  2  3  4  5  6  7  8 |
---------------+-------------------------+-----
Fighting       | 4 5 6 |  6.3
Shields        | 4 5 6 7 |  7.3
Armour         | 4 5 6 7 |  7.7
Maces & Flails | 3 4 5 7 9 |  9.0

Action                   |  1- 3 |  4- 6 |  7- 9 || total
-------------------------+-------+-------+-------++-------
Melee: Flail             |    80 |   180 |   180 ||   440
       Headbutt          |    14 |    27 |    40 ||    81
Invok: Heroism           |       |       |     1 ||     1
  Use: Scroll            |       |     5 |     7 ||    12
       Potion            |       |       |     1 ||     1
  Eat: Chunk             |     1 |     5 |     4 ||    10
       Ration            |       |     1 |     3 ||     4
Armor: Scale mail        |    65 |    59 |    75 ||   199
       Robe              |       |     2 |       ||     2
Dodge: Dodged            |    34 |    43 |    70 ||   147
Block: Shield            |    59 |    94 |    94 ||   247
